 Dungeon Crawl Stone Soup version 0.26.1-2-gb8aa6d0cf2 (webtiles) character file.

Game seed: 8741382176977317293

4421 theEndsummarily the Covert (level 10, 0/103 HPs)
             Began as an Octopode Transmuter on Feb 11, 2021.
             Was an Initiate of Gozag.
             Succumbed to a killer bee's poison
             ... on level 9 of the Dungeon.
             The game lasted 01:09:08 (12428 turns).

theEndsummarily the Covert (Octopode Transmuter)   Turns: 12428, Time: 01:09:09

Health: 0/103      AC: 29    Str:  6 (9)  XL:     10   Next: 36%
Magic:  19/19      EV:  2    Int: 20 (22) God:    Gozag
Gold:   266        SH:  3    Dex: 16 (20) Spells: 8/21 levels left

rFire    . . .     SeeInvis +   p - +3 long sword of Duty {speed, rPois rF+ Int+4}
rCold    . . .     Faith    .   u - +0 buckler
rNeg     + + +     Spirit   .   (helmet currently unavailable)
rPois    +         Reflect  .   (no amulet)
rElec    +         Harm     .   e - ring of wizardry
rCorr    .         Rampage  .   g - ring of see invisible
Will     .....     Clarity  +   y - +6 ring of dexterity Stlth ++++......NoTele +
                                D - ring of the Mantidfly {rElec rPois rF- rN++ AC+4}
HPRegen  0.27/turn              (no ring)
MPRegen  0.16/turn              (no ring)
                                (no ring)
                                (no ring)

@: lethally poisoned (0 -> -1), tree-form (expiring), gold aura
A: almost no armour, stealthy swim, (amphibious), 8 rings, (constrict 8),
clarity
a: Renounce Religion, Potion Petition, Call Merchant, Bribe Branch


You were on level 9 of the Dungeon.
You worshipped Gozag.
Gozag was aware of your devotion.
You were a tree.
You visited 2 branches of the dungeon, and saw 10 of its levels.

You collected 1084 gold pieces.
You spent 692 gold pieces at shops.
You paid 126 gold pieces to Gozag.

Inventory:

Hand Weapons
 k - a +0 dagger of protection
 p - the +3 long sword of Duty (weapon) {speed, rPois rF+ Int+4}
   (You found it on level 8 of the Dungeon)

   Attacks with this weapon are significantly faster.
   It affects your intelligence (+4).
   It protects you from fire.
   It protects you from poison.
 r - a +2 dagger of venom
Missiles
 s - 38 poisoned darts (quivered)
Armour
 m - a +0 kite shield
 u - a +0 buckler (worn)
Jewellery
 e - a ring of wizardry (left branch)
 g - a ring of see invisible (right branch)
 y - a +6 ring of dexterity (on tentacle)
 D - the ring of the Mantidfly (on tentacle) {rElec rPois rF- rN++ AC+4}
   (You bought it in a shop on level 5 of the Dungeon)

   [ring of protection]

   It affects your AC (+4).
   It makes you vulnerable to fire.
   It insulates you from electricity.
   It protects you from poison.
   It greatly protects you from negative energy.
Wands
 C - a wand of random effects (36)
 E - a wand of flame (21)
Scrolls
 b - a scroll of blinking {unknown}
 c - a scroll of magic mapping
 f - 3 scrolls of enchant armour
 h - 4 scrolls of identify
 l - 6 scrolls of remove curse
 t - a scroll of fog {unknown}
 v - 7 scrolls of teleportation
Potions
 a - a potion of mutation
 d - a potion of magic {unknown}
 i - a potion of invisibility {unknown}
 j - 2 potions of flight {unknown}
 o - a potion of lignification
 x - 2 potions of attraction {unknown}
 z - a potion of cancellation {unknown}
 A - a potion of degeneration
 B - 2 potions of ambrosia {unknown}


   Skills:
 + Level 6.4 Fighting
 + Level 6.7 Dodging
 + Level 9.0 Stealth
 + Level 4.3 Unarmed Combat
 + Level 6.2 Spellcasting
 + Level 6.7 Transmutations


You had 8 spell levels left.
You knew the following spells:

 Your Spells              Type           Power        Failure   Level
a - Beastly Appendage     Tmut           66%          1%          1
b - Wereblood             Tmut           33%          1%          2
c - Animate Skeleton      Necr           12%          7%          1
e - Summon Small Mammal   Summ           24%          7%          1
f - Ice Form              Ice/Tmut       19%          16%         4
g - Sting                 Tmut/Pois      76%          1%          1
s - Spider Form           Tmut/Pois      9%           5%          3

Your spell library contained the following spells:

 Spells                   Type           Power        Failure   Level
 Apportation              Tloc           12%          7%          1
 Corona                   Hex            6%           7%          1
 Ignite Poison            Fire/Tmut/Pois 15%          9%          3
 Poisonous Vapours        Pois/Air       12%          11%         2
 Blade Hands              Tmut           16%          12%         5
 Mephitic Cloud           Conj/Pois/Air  6%           21%         3
 Olgreb's Toxic Radiance  Pois           6%           52%         4


Dungeon Overview and Level Annotations

Branches:
Dungeon (9/15)             Temple (1/1) D:5
   Lair: D:8-11         Orc: D:9-12

Altars:
Ashenzari
Cheibriados
Dithmenos
Elyvilon
Gozag
Hepliaklqana
Kikubaaqudgha
Makhleb
Nemelex Xobeh
Okawaru
Qazlal
Sif Muna
Trog
Uskayaw
Vehumet
Wu Jian
Xom
Yredelemnul
Zin
The Shining One

Shops:
D:4 *   D:5 (=(

Annotations:
D:3 exclusion: scorpion
D:4 1 exclusion, Grinder
D:5 2 runed translucent doors, qqq123's ghost, amateur GrFi
D:6 3 runed translucent doors, scottley's ghost, novice TrMo


Innate Abilities, Weirdness & Mutations

You cannot wear most types of armour.
You are very stealthy in the water. (Stealth+)
((You are amphibious.))
You can wear up to eight rings at the same time.
((You can use your tentacles to constrict eight enemies at once.))
((Your skin changes colour to match your surroundings (Stealth+).))
((Your rubbery body absorbs attacks. (AC +1, EV +1)))
((You have a pair of small antennae on your head.))
You possess an exceptional clarity of mind.


Message History

The killer bee is heavily wounded.
The killer bee stings you but does no damage.
Cornered, the killer bee turns to fight!
The killer bee becomes distracted by the nearby gold, dreaming of imaginary riches.
You closely miss the killer bee.
The killer bee is no longer distracted by gold.
The killer bee buzzes angrily.
The killer bee is heavily wounded.
You feel sick. You block the killer bee's attack. The killer bee stings you.
* * * LOW HITPOINT WARNING * * *
You hit the killer bee but do no damage.
The killer bee is heavily wounded.
The killer bee stings you but does no damage. x2
Okay, then.
Okay, then.
It was a potion of degeneration.
There was something very wrong with that liquid.
You feel weakened.
You feel dopey.
You feel clumsy.
You die...
Your body crumbles into a pile of gold.

#... #...########
###...........
#.............
#.............
#.............
#.........y..
#...yy######## #.....
#...$♣#......# #....
#.....#......+y #)..l
##....#......#.<#...
#....#......#.. ...
#....#......#..##'###
#....#......#........
#....'......#........
#....#......#........
#....#>.....#........


You could see 2 killer bees.

Vanquished Creatures
  Pikel (D:6)
  Maggie (D:8)
  Menkaure (D:4)
  2 water moccasins
  Duvessa (D:4)
  2 ice beasts (D:8)
  3 phantoms
  5 ogres
  A sky beast (D:6)
  A necrophage (D:8)
  2 centaurs
  4 lemures (D:6)
  A big kobold (D:7)
  A bullfrog (D:7)
  Dowan (D:4)
  2 wyvern skeletons
  8 wights (D:8)
  3 killer bees (D:9)
  2 bullfrog zombies
  2 jellies
  2 quasits
  3 hounds
  12 orc wizards
  An orc priest (D:7)
  A bullfrog skeleton (D:4)
  2 centaur skeletons
  3 iron imps (D:3)
  2 iguanas (D:5)
  4 worker ants
  A mummy (D:7)
  2 howler monkey zombies
  A worker ant zombie (D:8)
  3 gnolls (D:6)
  11 adders
  5 shadow imps
  3 white imps
  2 ufetubi
  An adder skeleton (D:4)
  4 worms
  A dart slug (D:1)
  3 leopard geckos
  25 orcs
  2 ball pythons (D:2)
  5 giant cockroaches
  3 goblins
  8 hobgoblins
  3 jackals (D:5)
  4 quokkas
  4 bats
  6 frilled lizards
  11 kobolds
  A leopard gecko zombie (D:8)
  13 rats
196 creatures vanquished.

Vanquished Creatures (collateral kills)
  A worm (D:2)
  A ball python (D:2)
2 creatures vanquished.

Grand Total: 198 creatures vanquished

Notes
Turn   | Place    | Note
-------+----------+-------------------------------------------
     0 | D:1      | theEndsummarily the Octopode Transmuter began the quest for
                  | the Orb.
     0 | D:1      | Reached XP level 1. HP: 13/13 MP: 3/3
   524 | D:1      | Reached XP level 2. HP: 17/18 MP: 5/5
   680 | D:1      | Reached skill level 1 in Stealth
  1254 | D:2      | Learned a level 2 spell: Wereblood
  1292 | D:2      | Reached XP level 3. HP: 22/23 MP: 2/6
  1348 | D:2      | You fall into a shaft and drop 1 floor!
  1628 | D:3      | Noticed a scorpion
  1841 | D:3      | Learned a level 1 spell: Animate Skeleton
  1907 | D:3      | Reached XP level 4. HP: 29/29 MP: 5/7
  1919 | D:3      | Reached skill level 2 in Stealth
  2049 | D:3      | Found a burning altar of Makhleb.
  2186 | D:2      | Found a broken altar of Ashenzari.
  2473 | D:2      | Reached XP level 5. HP: 29/34 MP: 6/8
  3177 | D:3      | Reached skill level 3 in Stealth
  3631 | D:4      | Found a white marble altar of Elyvilon.
  3666 | D:4      | Noticed Grinder
  3694 | D:4      | Found a burning altar of Makhleb.
  3701 | D:4      | Reached XP level 6. HP: 38/41 MP: 8/10
  3948 | D:4      | Noticed a phantom
  3949 | D:4      | Found Qaubops's Elemental Accessories.
  3953 | D:4      | Noticed Menkaure
  4001 | D:4      | Killed a phantom
  4224 | D:4      | Noticed Dowan
  4225 | D:4      | Noticed Duvessa
  4249 | D:4      | Reached skill level 4 in Stealth
  4268 | D:4      | Killed Duvessa
  4269 | D:4      | Reached XP level 7. HP: 30/46 MP: 10/12
  4275 | D:4      | Killed Dowan
  4592 | D:4      | Killed Menkaure
  5051 | D:5      | Entered Level 5 of the Dungeon
  5060 | D:5      | Reached skill level 5 in Stealth
  5155 | D:5      | Found a glowing silver altar of Zin.
  5243 | D:5      | Found Inosmemm's Jewellery Emporium.
  5345 | D:5      | Reached XP level 8. HP: 30/54 MP: 10/13
  5642 | D:5      | Noticed a moth of wrath
  5645 | D:5      | Found a bloodstained altar of Trog.
  5666 | D:5      | Found a runed translucent door.
  5670 | D:5      | Noticed qqq123's ghost (amateur GrFi)
  5701 | D:5      | Found a hide-covered altar of Uskayaw.
  5703 | D:5      | Found a runed translucent door.
  5772 | D:5      | Learned a level 3 spell: Spider Form
  6021 | D:5      | Found Feamihih's Weapon Shoppe.
  6123 | D:5      | Found a staircase to the Ecumenical Temple.
  6134 | Temple   | Entered the Ecumenical Temple
  6184 | Temple   | Became a worshipper of Gozag Ym Sagoz the Greedy
  6450 | D:5      | Found Gurgh's Weapon Shoppe.
  7011 | D:6      | Reached skill level 6 in Stealth
  7431 | D:6      | Reached skill level 5 in Dodging
  7434 | D:6      | Reached skill level 5 in Transmutations
  7515 | D:6      | Noticed Pikel
  7630 | D:6      | Noticed scottley's ghost (novice TrMo)
  7653 | D:6      | Found a runed translucent gate.
  7653 | D:6      | Found a runed translucent gate.
  7653 | D:6      | Found a runed translucent gate.
  7893 | D:6      | Reached XP level 9. HP: 59/60 MP: 16/16
  7990 | D:6      | Reached skill level 5 in Fighting
  8135 | D:6      | Learned a level 1 spell: Summon Small Mammal
  8474 | D:6      | Killed Pikel
  8475 | D:6      | Reached skill level 7 in Stealth
  8475 | D:6      | Reached skill level 5 in Spellcasting
  9477 | D:7      | Found a snail-covered altar of Cheibriados.
  9508 | D:7      | Learned a level 4 spell: Ice Form
  9585 | D:7      | Reached skill level 8 in Stealth
 10135 | D:5      | Bought the ring of the Mantidfly {rElec rPois rF- rN++
                  | AC+4} for 692 gold pieces
 10323 | D:8      | Found a shimmering blue altar of Sif Muna.
 10431 | D:8      | Found a radiant altar of Vehumet.
 10431 | D:8      | Noticed Maggie
 10628 | D:8      | Reached XP level 10. HP: 29/64 MP: 15/18
 10863 | D:8      | Learned a level 1 spell: Sting
 10915 | D:8      | Killed Maggie
 11572 | D:8      | Found a hide-covered altar of Uskayaw.
 11607 | D:8      | Found a shadowy altar of Dithmenos.
 11630 | D:8      | Found an ornate altar of the Wu Jian Council.
 11877 | D:8      | Got an encrusted long sword
 11878 | D:8      | Identified the +3 long sword of Duty {speed, rPois rF+
                  | Int+4} (You found it on level 8 of the Dungeon)
 11985 | D:9      | Noticed a death yak
 12143 | D:9      | Noticed a death yak
 12169 | D:8      | Reached skill level 9 in Stealth
 12415 | D:9      | Gained mutation: You possess an exceptional clarity of
                  | mind. [potion of mutation]
 12415 | D:9      | Gained mutation: You have a pair of small antennae on your
                  | head. [potion of mutation]
 12426 | D:9      | HP: 1/103 [killer bee (5)]
 12428 | D:9      | Succumbed to a killer bee's poison

Illustrated notes

Levels and vault maps discovered:
D:1:      giann_horns, layout_basic, chequers_decorated_corner,
          skrybe_limestone_x
D:2:      layout_basic, overflow_temple_1_default
D:3:      layout_basic, demons_altar
D:4:      layout_cave_pods, elyvilon_altar_5, lemuel_coloured_pillars_altar,
          serial_park, nicolae_elemental_shop, grunt_ministairs_7,
          makhleb_heckhound_becter, uniq_menkaure, uniq_duvessa, uniq_grinder
D:5:      layout_loops_corners, lemuel_round_altar, overflow_temple_1_default,
          tgw_trog, temple_pool_b, serial_shops, shop, shop,
          nicolae_shop_behind_doors, ebering_ghost_sewer_f, hex_large
D:6:      layout_gridville, gammafunk_ghost_icy, grunt_decor_junction,
          uniq_pikel
D:7:      wad_pebble_path, layout_basic, slow_altar_2
D:8:      layout_basic, vehumet_altar_wand_db, lemuel_round_altar,
          kennysheep_little_box, kennysheep_mini, basic_altar, uniq_maggie
D:9:      layout_irregular_city, fedhas_altar_1, dpeg_lair_monsters
Temple:   compressed_dpeg_triangle_lava_temple

Skill      XL: |  1  2  3  4  5  6  7  8  9 10 |
---------------+-------------------------------+-----
Stealth        | 1 2 3 4 5 6 8 9 |  9.0
Fighting       | 2 3 4 6 |  6.4
Dodging        | 3 4 5 6 |  6.7
Transmutations | 3 4 5 6 |  6.7
Spellcasting   | 3 4 5 6 |  6.2
Unarmed Combat | 4 |  4.3

Action                   |  1- 3 |  4- 6 |  7- 9 | 10-12 || total
-------------------------+-------+-------+-------+-------++-------
Melee: Unarmed           |    68 |    47 |    14 |    23 ||   152
       Constrict         |    17 |    23 |    69 |    16 ||   125
       Tentacles         |    12 |    14 |    79 |    15 ||   120
       Kick              |    11 |    32 |   121 |    32 ||   196
       Punch             |     1 |     3 |     9 |     6 ||    19
       Dagger            |       |    64 |   410 |    75 ||   549
       Long sword        |       |       |       |    36 ||    36
Throw: Dart              |       |       |    16 |     1 ||    17
 Cast: Beastly Appendage |    12 |    29 |    57 |    10 ||   108
       Wereblood         |     1 |       |       |       ||     1
       Animate Skeleton  |     1 |    12 |     9 |       ||    22
       Summon Small Mamm |       |       |     6 |     9 ||    15
       Spider Form       |       |       |     2 |     3 ||     5
       Sting             |       |       |       |     1 ||     1
Evoke: Wand              |       |       |       |     2 ||     2
  Use: Scroll            |       |     2 |     4 |     2 ||     8
       Potion            |       |       |     2 |     6 ||     8
 Stab: Sleeping          |     4 |     5 |    22 |     8 ||    39
       Distracted        |       |     1 |       |       ||     1
Armor: Skin              |     6 |     7 |    66 |   111 ||   190
Dodge: Dodged            |    33 |    49 |   246 |   131 ||   459
Block: Buckler           |       |     8 |    61 |    56 ||   125
       Rpst.: Long sword |       |       |       |     6 ||     6
